 Dungeon Crawl Stone Soup version 0.15-a0-1363-g87d8b17 (webtiles) character file.

133 Qrupt the Poker (level 4, -2/38 HPs)
             Began as a Demigod Gladiator on June 9, 2014.
             Slain by an orc
             ... wielding a +0,+0 mace
              (3 damage)
             ... on Level 3 of the Dungeon.
             The game lasted 00:07:55 (2585 turns).

Qrupt the Poker (Demigod Gladiator)                 Turns: 2585, Time: 00:07:55

HP  -2/38        AC  6     Str 19      XL: 4   Next: 63%
MP   7/7         EV 12     Int 13      God:
Gold 153         SH  0     Dex 18      Spells:  0 memorised,  3 levels left

rFire  . . .     SeeInvis .     a - +0 trident
rCold  . . .     Clarity  .     b - +0 leather armour
rNeg   . . .     rCorr    .     (no shield)
rPois  .         rRot     .     j - +2 helmet
rElec  .         Spirit   .     (no cloak)
SustAb .         Warding  .     (no gloves)
rMut   .         Stasis   .     (no boots)
Gourm  .                        (no amulet)
MR     .....                    s - +1 ring of intelligence
                                n - ring of teleport control

@: confused, not resistant to hostile enchantments, very unstealthy
A: no striking features
a: Evoke Teleport Control


You were on level 3 of the Dungeon.
You were hungry.

You visited 1 branch of the dungeon, and saw 4 of its levels.

You collected 153 gold pieces.

Inventory:

Hand weapons
 a - a +0,+0 trident (weapon)
Missiles
 u - 3 throwing nets (quivered)
Armour
 b - a +0 leather armour (worn)
 d - a +2 scale mail of fire resistance
 j - a +2 helmet (worn)
Comestibles
 f - 5 bread rations
 i - 3 meat rations
 t - a beef jerky
Scrolls
 e - a scroll of enchant weapon I {unknown}
 g - 4 scrolls of identify {unknown}
 h - a scroll of teleportation {unknown}
 k - 2 scrolls of noise {unknown}
 m - 2 scrolls of enchant armour {unknown}
 o - a scroll of recharging {unknown}
Jewellery
 n - a ring of teleport control (left hand)
 s - a +1 ring of intelligence (right hand)
Potions
 c - a potion of degeneration {unknown}
 l - a potion of restore abilities {unknown}
 q - a potion of invisibility {unknown}
 r - a potion of heal wounds {unknown}
 v - 2 potions of curing {unknown}
 w - 2 potions of agility


   Skills:
 + Level 3.3 Fighting
 + Level 3.3 Polearms
 - Level 1.7 Throwing
 + Level 2.3 Armour
 - Level 2.6 Dodging


You had 3 spell levels left.
You didn't know any spells.

Dungeon Overview and Level Annotations

Branches:
Dungeon (4/15)
 Temple: D:4-7

Annotations:
D:3 Sigmund


Message History

The orc hits you but does no damage. The orc priest hits you with a flail.
You climb upwards.
Level annotation: Sigmund
There is a stone staircase leading down here.
You closely miss the orc priest. You hit the orc priest.
The orc priest is lightly wounded.
The orc priest hits you with a flail! The orc misses you.
You puncture the orc priest!
The orc priest is severely wounded.
The orc hits you with a mace.
The orc priest calls down the wrath of Beogh upon you.
Something smites you!
The orc priest calls down the wrath of Beogh upon you.
Something smites you!
* * * LOW HITPOINT WARNING * * *
Drink which item? (? for menu, Esc to quit)
You are confused.
It was a potion of confusion.
The orc hits you with a mace.
You die...

#...............#
#......
#...............#
#...#..
#.............>.#
#...#..
#(..............#
#...#..
####............#
#...#.)
#............#
#...#..
#............#
#...#..
#........o...#
#####..
#######.@....#
#.. #..o...# #..
######## #.. ###


You could see an orc priest and an orc.

Vanquished Creatures
  Jessica (D:3)
  Terence (D:3)
  2 adders
  A giant mite (D:3)
  2 worms (D:2)
  3 giant geckos
  An ooze (D:3)
  2 orcs (D:3)
  8 bats
  6 goblins
  7 hobgoblins
  9 jackals
  2 giant cockroaches
  2 giant newts (D:1)
  4 kobolds
  3 quokkas
  4 rats
58 creatures vanquished.

Notes
Turn   | Place    | Note
--------------------------------------------------------------
     0 | D:1      | Qrupt, the Demigod Gladiator, began the quest for the Orb.
     0 | D:1      | Reached XP level 1. HP: 17/17 MP: 2/2
   365 | D:1      | Reached XP level 2. HP: 22/24 MP: 3/3
   426 | D:1      | Reached skill level 1 in Armour
   732 | D:2      | Reached XP level 3. HP: 24/30 MP: 5/5
   881 | D:2      | Reached skill level 3 in Polearms
  1416 | D:3      | Noticed Jessica
  1424 | D:3      | Killed Jessica
  1424 | D:3      | Reached XP level 4. HP: 36/38 MP: 7/7
  1719 | D:3      | Noticed Sigmund
  1927 | D:3      | Noticed Terence
  1969 | D:3      | Killed Terence
  2584 | D:3      | HP: 1/38 [orc priest/divine providence (13)]
  2585 | D:3      | Slain by an orc

Action                   |  1- 3 |  4- 6 || total
-------------------------+-------+-------++-------
Melee: Trident           |   147 |    85 ||   232
Throw: Throwing net      |       |     4 ||     4
  Use: Potion            |       |     2 ||     2
